Map: Pillars of Gold LE

Players

Kììì - Winner!

  • Race: Protoss Protoss
  • League: Master
  • Spawn Location: 7:00

Jeeb

  • Race: Protoss Protoss
  • League: Master
  • Spawn Location: 1:00

VOD

https://www.twitch.tv/videos/749804158

Description

Two ways to exicute this build. This one is a Double Pylon before Adepts'

Time

  • Played on: Sept. 23, 2020, 12:25 p.m.
  • Length: 4:32
Show
View Real Time Build Order
Export as new Build Order

Kììì Protoss - Winner!

Build Orders:  

Get SALT Encoding   

  12  0:00  Probe  
  13  0:13  Pylon  
  13  0:18  Probe (Chrono Boost)  
  14  0:27  Probe (Chrono Boost)  
  15  0:32  Probe (Chrono Boost)  
  16  0:40  Gateway  
  16  0:44  Probe  
  16  0:46  Assimilator  
  17  0:56  Probe  
  18  1:02  Assimilator  
  18  1:06  Gateway  
  18  1:09  Probe  
  19  1:20  Gateway  
  19  1:22  Probe  
  20  1:33  Cybernetics Core  
  20  1:35  Probe  
  21  1:43  Pylon  
  21  1:52  Pylon  
  21  1:57  Probe  
  22  2:09  Adept x2  
  22  2:11  Warp Gate (Chrono Boost)  
  22  2:13  Stalker  
  28  2:20  Probe  
  29  2:39  Stalker x2  
  29  2:43  Adept  
  35  2:50  Pylon  
  35  3:13  Pylon  
  35  3:46  Stalker x2  
  35  3:47  Stalker  
  41  4:11  Stalker x3  
Show
View Real Time Build Order
Export as new Build Order

Jeeb Protoss 

Build Orders:  

Get SALT Encoding   

  12  0:00  Probe  
  13  0:12  Probe  
  14  0:19  Pylon  
  14  0:24  Probe  
  15  0:37  Probe (Chrono Boost)  
  15  0:41  Gateway  
  16  0:49  Probe (Chrono Boost)  
  17  0:50  Assimilator  
  17  0:55  Probe (Chrono Boost)  
  18  1:04  Probe  
  19  1:08  Assimilator  
  19  1:16  Probe (Chrono Boost)  
  21  1:26  Probe (Chrono Boost)  
  21  1:29  Cybernetics Core  
  21  1:31  Probe (Chrono Boost)  
  21  1:35  Pylon  
  22  1:42  Probe  
  23  1:54  Probe  
  24  2:06  Probe  
  25  2:10  Robotics Facility  
  25  2:13  Warp Gate, Gateway  
  25  2:18  Probe  
  26  2:30  Probe  
  27  2:41  Pylon  
  27  2:49  Nexus  
  27  3:02  Immortal (Chrono Boost)  
  31  3:08  Sentry  
  29  3:46  Probe  
  29  3:55  Immortal (Chrono Boost)  
  30  4:12  Adept  
Tags
 
Add a new tag
Caveats
  • Supply blocks, unpowered buildings, or Contaminate may cause inaccurate times.
  • Supply counts are checked every 10 seconds.